 Dungeon Crawl Stone Soup version 0.23-a0-175-g97aacdb (webtiles) character file.

102 nubinia the Conjurer (level 4, 0/24 HPs)
             Began as a Deep Elf Conjurer on Sept 16, 2018.
             Splashed by a jelly's acid (6 damage)
             ... on level 2 of the Dungeon.
             The game lasted 00:05:26 (1776 turns).

nubinia the Conjurer (Deep Elf Conjurer)            Turns: 1776, Time: 00:05:27

Health: 0/24       AC:  2    Str:  5    XL:     4   Next: 50%
Magic:  2/11       EV: 13    Int: 20    God:
Gold:   90         SH:  0    Dex: 16    Spells: 6/10 levels left

rFire    . . .     SeeInvis .   k - +0 short sword (drain)
rCold    . . .     Gourm    .   (no shield)
rNeg     . . .     Faith    .   a - +0 robe
rPois    .         Spirit   .   (no helmet)
rElec    .         Reflect  .   (no cloak)
rCorr    .         Harm     .   (no gloves)
MR       .....                  (no boots)
Stlth    ++........             (no amulet)
HPRegen  0.08/turn              (no ring)
MPRegen  0.12/turn              (no ring)

@: about to teleport
A: no striking features
a: no special abilities


You were on level 2 of the Dungeon.
You were hungry.

You visited 1 branch of the dungeon, and saw 2 of its levels.

You collected 90 gold pieces.

Inventory:

Hand Weapons
 d - a +0 short sword of speed
 k - a +0 short sword of draining (weapon)
Armour
 a - a +0 robe (worn)
Scrolls
 b - 3 scrolls of identify
 h - a scroll of fear {unknown}
 i - a scroll of magic mapping {unknown}
 l - a scroll of fog {unknown}
 n - a scroll of remove curse {unknown}
Potions
 e - a potion of lignification {unknown}
 f - a potion of agility {unknown}
 g - a potion of haste {unknown}
 m - a potion of flight
Comestibles
 c - 3 rations


   Skills:
 + Level 0.9 Short Blades
 + Level 2.9 Dodging
 + Level 3.0 Stealth
 + Level 3.7 Spellcasting
 + Level 5.7 Conjurations


You had 6 spell levels left.
You knew the following spells:

 Your Spells              Type           Power        Failure   Level  Hunger
a - Magic Dart            Conj           ####         1%          1    None
b - Dazzling Spray        Conj/Hex       ###...       12%         3    ###....

Your spell library contained the following spells:

 Spells                   Type           Power        Failure   Level  Hunger
 Searing Ray              Conj           ####..       1%          2    ##.....
 Iskenderun's Mystic Bla  Conj           ####....     12%         4    ####...
 Force Lance              Conj/Tloc      ###.....     38%         4    ####...
 Fulminant Prism          Conj/Hex       ###.......   38%         4    ####...


Dungeon Overview and Level Annotations

Branches:
Dungeon (2/15)

Altars:


Message History

Unknown command.
Unknown command.
Unknown command.
Casting: Dazzling Spray (safe; 12% risk of failure)
Confirm with . or Enter, or press ? or * to list all spells.
Aiming: Dazzling Spray (safe; 12% risk of failure)
Press: ? - help, Shift-Dir - straight line, f/p - jelly
Aim: a jelly (heavily wounded)
The spray of energy hits the jelly.
The jelly is severely wounded.
The jelly hits you.
You are splashed with acid!
The acid burns!
* * * LOW HITPOINT WARNING * * *
The jelly misses you.
As you read the scroll of teleportation, it crumbles to dust.
You feel strangely unstable.
The jelly jiggles.
The jelly hits you.
* * * LOW HITPOINT WARNING * * *
You are splashed with acid!
The acid burns!
You die...

..†##
###'''###...##.....#
....##
##...####..##.....#
.....#
##.....###..########
.....# #.......##..#
.....###
#.......#####
........ #.......#
.....### #.....).#
### .......#
#....#### #.. ..
.....###
#....'.@###...# #.
.....#
########J##...# #.
.....###
##)...J.###...## #.
..<....# #'#######
#....## #####.
.....####.J÷÷.J...
#..†..# #..(..
....## #.P.......
#...#.###.#### ...##
#..J..P.÷.
#...#.....###
####... #.........
#......##...##
.....####÷P..÷P÷P÷
##.###........


You could see a jelly.

Vanquished Creatures
  3 adders (D:2)
  8 oozes (D:2)
  A dart slug (D:1)
  A ball python (D:2)
  2 giant cockroaches
  2 hobgoblins (D:1)
  2 jackals (D:1)
  11 kobolds
  A quokka (D:2)
  7 bats
  A frilled lizard (D:2)
  6 rats
45 creatures vanquished.

Vanquished Creatures (others)
  3 fungi (D:2)
  8 toadstools (D:2)
11 creatures vanquished.

Grand Total: 56 creatures vanquished

Notes
Turn   | Place    | Note
-------+----------+-------------------------------------------
     0 | D:1      | nubinia the Deep Elf Conjurer began the quest for the Orb.
     0 | D:1      | Reached XP level 1. HP: 10/10 MP: 6/6
   251 | D:1      | Reached XP level 2. HP: 15/15 MP: 5/8
   388 | D:1      | Reached skill level 5 in Conjurations
   823 | D:2      | Reached XP level 3. HP: 16/19 MP: 2/9
   828 | D:2      | Learned a level 3 spell: Dazzling Spray
  1583 | D:2      | Reached XP level 4. HP: 19/24 MP: 9/11
  1776 | D:2      | Splashed by a jelly's acid

Vault maps used:
D:1:      dpeg_arrival_pits, st_stairs_9
D:2:      cheibrodos_fertilizer, marbit_many_paths, minmay_tree_intersection

Skill      XL: |  1  2  3 |
---------------+----------+-----
Conjurations   | 5 |  5.7
Stealth        | 3 |  3.0
Short Blades   | |  0.9
Dodging        | |  2.9
Spellcasting   | |  3.7

Action                   |  1- 3 |  4- 6 || total
-------------------------+-------+-------++-------
Melee: Short sword       |    13 |    31 ||    44
 Cast: Magic Dart        |    69 |     5 ||    74
       Dazzling Spray    |     1 |     3 ||     4
  Use: Scroll            |     2 |     1 ||     3
  Eat: Chunk             |     2 |       ||     2
Armor: Robe              |     5 |     2 ||     7
Dodge: Dodged            |     9 |    16 ||    25

Table legend:
 A = Non-vault XP
 B = Vault XP
 C = Vault XP percentage of total XP
 D = Non-vault monster count
 E = Vault monster count
 F = Vault count percentage of total count
                 A         B        C        D         E       F
            +---------+---------+-------+---------+---------+-------
      Total |      75 |      72 |  49.0 |      27 |      18 |  40.0
            +---------+---------+-------+---------+---------+-------
        D:1 |      20 |       8 |  28.6 |      13 |       5 |  27.8
        D:2 |      55 |      64 |  53.8 |      14 |      13 |  48.1
            +---------+---------+-------+---------+---------+-------
